 Dungeon Crawl Stone Soup version 0.19.0 (webtiles) character file.

5401 AlphabetPasta the Jinx (level 10, -8/63 HPs)
             Began as a Mummy Enchanter on Nov 11, 2016.
             Was a Follower of Ashenzari.
             Mangled by a cyclops (30 damage)
             ... on level 9 of the Dungeon on Nov 12, 2016.
             The game lasted 01:03:47 (12904 turns).

AlphabetPasta the Jinx (Mummy Enchanter)           Turns: 12904, Time: 01:03:47

Health: -8/63      AC:  4    Str: 15    XL:     10   Next: 40%
Magic:  7/19       EV: 15    Int: 17    God:    Ashenzari [*.....]
Gold:   360        SH:  4    Dex: 13    Spells: 4 memorised, 12 levels left

rFire  x . .     SeeInvis .     d - +2 dagger (elec)
rCold  + . .     Gourm    .     b - +1 robe
rNeg   + + +     Faith    .     (no shield)
rPois  ∞         Spirit   .     (no helmet)
rElec  .         Reflect  +     j - +0 cloak
rCorr  .         Harm     .     (no gloves)
MR     +....                    (no boots)
Stlth  +++.......               g - +4 amulet of reflection (curse)
                                (no ring)
                                h - +3 ring of strength

@: no status effects
A: no food or potions, fire vulnerability, cold resistance 1, negative energy
resistance 3, torment resistance, unbreathing
a: Curse Item, Scrying, Renounce Religion


You were on level 9 of the Dungeon.
You worshipped Ashenzari.
Ashenzari was aware of your devotion.
You were not hungry.

You visited 2 branches of the dungeon, and saw 10 of its levels.
You also visited: Sewer and Ossuary.

You collected 425 gold pieces.
You spent 65 gold pieces at shops.

Inventory:

Hand Weapons
 a - a +1 dagger
 d - a +2 dagger of electrocution (weapon)
 p - a +0 rapier
Missiles
 v - a throwing net (quivered)
Armour
 b - a +1 robe (worn)
 j - a +0 cloak (worn)
 w - a +0 buckler
Jewellery
 f - an uncursed amulet of regeneration
 g - a cursed +4 amulet of reflection (around neck)
 h - a +3 ring of strength (left hand)
Wands
 q - a wand of random effects (21/48)
 s - a wand of lightning (3/15)
 t - a wand of flame (5/48)
 u - a wand of iceblast (10/15)
Scrolls
 e - 13 scrolls of remove curse
 i - 9 scrolls of identify
 k - 3 scrolls of teleportation
 l - 2 scrolls of blinking
 m - a scroll of fear
 n - 5 scrolls of recharging
 o - a scroll of noise
 r - a scroll of enchant weapon
Books
 c - a book of Maledictions

   Spells                             Type                      Level
   a - Corona                         Hexes                        1
   b - Ensorcelled Hibernation        Hexes/Ice                    2
   c - Confuse                        Hexes                        3
   d - Tukima's Dance                 Hexes                        3
   e - Dazzling Spray                 Conjuration/Hexes            3


   Skills:
 + Level 5.3 Short Blades
 + Level 5.4 Dodging
 + Level 6.1 Stealth
 + Level 0.0 Shields
 + Level 6.1 Spellcasting
 * Level 8.6 Hexes
 - Level 1.1 Ice Magic


You had 12 spell levels left.
You knew the following spells:

 Your Spells              Type           Power        Failure   Level  Hunger
a - Corona                Hex            ####...      1%          1    N/A
b - Ensorcelled Hibernat  Hex/Ice        ###...       2%          2    N/A
c - Confuse               Hex            ####....     1%          3    N/A
d - Dazzling Spray        Conj/Hex       ###...       10%         3    N/A

Dungeon Overview and Level Annotations

Branches:
Dungeon (9/15)             Temple (1/1) D:4
   Lair: D:8-11         Orc: D:9-12

Altars:
Ashenzari
Cheibriados
Dithmenos
Elyvilon
Fedhas
Gozag
Hepliaklqana
Kikubaaqudgha
Makhleb
Nemelex Xobeh
Okawaru
Qazlal
Ru
Sif Muna
Trog
Uskayaw
Vehumet
Yredelemnul
Zin
The Shining One

Shops:
D:4 ?   D:8 %

Annotations:
D:3 Sigmund


Innate Abilities, Weirdness & Mutations

You do not eat or drink.
Your flesh is vulnerable to fire.
You are immune to poison.
Your flesh is cold resistant. (rC+)
You are immune to negative energy. (rN+++)
You are immune to unholy pain and torment.
You can survive without breathing.


Message History

The cyclops is lightly wounded.
You hit the cyclops.
The cyclops is lightly wounded.
You hit the cyclops but do no damage.
The cyclops is lightly wounded.
You strike the helpless cyclops from behind!
You puncture the cyclops!
The cyclops is moderately wounded.
You hit the cyclops but do no damage.
The cyclops is moderately wounded.
You hit the cyclops.
The cyclops is moderately wounded.
You barely miss the cyclops.
The cyclops is moderately wounded.
You hit the cyclops.
There is a sudden explosion of sparks!
The cyclops is severely wounded.
You hit the cyclops.
The cyclops is severely wounded.
The cyclops seems less confused.
The cyclops hits you!!
You die...

##.....#........#.##.#.#
#.#
#.....#........#.##.#.#
#.#
##.#########....#.##.#.#
#.# ...# #....#.##.#(#
#.# .#.# #....#.##.#(#
#.# ####
#....#......###.#
#...............#
##...#+##'#####.#
#..C@.......##.# ####
##..........##.# ...#
#..........##.# ##.#
#######.#####.# ...#
..............# .....
...####'####### #..##
..........# # .#
..........# . #
..........#


You could see a cyclops.

Vanquished Creatures
  The ghost of Kaishin the Thaumaturge, a novice DEFE of Sif Muna (D:8)
  Pikel (D:7)
  An oklob plant (D:6)
  A hippogriff (D:8)
  Duvessa (D:5)
  A slave (D:7)
  2 orc warriors
  3 ice beasts
  5 necrophages
  A sky beast (D:7)
  2 ogres (D:7)
  The ghost of AlphabetPasta the Chiller, an amateur DrIE (D:3)
  4 centaurs
  3 big kobolds (Sewer)
  5 bullfrogs
  Blork the orc (D:4)
  A wyvern zombie (D:8)
  Dowan (D:5)
  A water moccasin zombie (D:7)
  3 scorpions
  A water moccasin skeleton (D:5)
  5 crimson imps
  3 centaur zombies
  3 hounds
  6 orc wizards
  4 orc priests
  A human zombie (Ossuary)
  A jelly (D:7)
  Ijyb (D:2)
  2 iguanas (D:6)
  4 worker ants
  A killer bee zombie (D:6)
  A big kobold zombie (Ossuary)
  A hound zombie (D:9)
  4 mummies (Ossuary)
  7 gnolls
  A river rat (Sewer)
  10 adders
  2 shadow imps
  8 oozes
  2 adder zombies
  7 worms
  3 dart slugs
  6 leopard geckos
  32 orcs
  5 ball pythons
  3 giant cockroaches
  4 goblins
  10 hobgoblins
  8 jackals
  2 quokkas
  6 bats
  6 frilled lizards
  A gnoll zombie (Ossuary)
  A goblin zombie (D:4)
  4 hobgoblin zombies
  A jackal skeleton (D:4)
  A jackal zombie (D:8)
  10 kobolds
  2 kobold zombies (D:6)
  2 orc skeletons (D:6)
  2 orc zombies (Ossuary)
  13 rats
  A rat zombie (D:4)
  A plant (D:6)
238 creatures vanquished.

Vanquished Creatures (others)
  A quasit (D:7)
  2 orc wizards (D:7)
  2 orcs (D:7)
  2 bushes (D:8)
  9 plants (D:8)
16 creatures vanquished.

Grand Total: 254 creatures vanquished

Notes
Turn   | Place    | Note
-------+----------+-------------------------------------------
     0 | D:1      | AlphabetPasta the Mummy Enchanter began the quest for the Orb.
     0 | D:1      | Reached XP level 1. HP: 13/13 MP: 3/3
   135 | D:1      | Reached XP level 2. HP: 7/19 MP: 3/5
   139 | D:1      | Learned a level 2 spell: Ensorcelled Hibernation
   423 | D:1      | Reached skill level 1 in Short Blades
   554 | D:1      | Reached skill level 3 in Hexes
   987 | D:2      | Reached XP level 3. HP: 24/24 MP: 6/6
   992 | D:2      | Learned a level 3 spell: Confuse
  2150 | D:3      | Noticed Sigmund
  2150 | D:3      | Noticed Ijyb
  2199 | D:2      | Killed Ijyb
  2199 | D:2      | Reached XP level 4. HP: 21/30 MP: 1/8
  2625 | D:3      | Learned a level 3 spell: Confuse
  2738 | D:3      | Noticed AlphabetPasta's ghost (amateur DrIE)
  2881 | D:2      | Reached XP level 5. HP: 18/35 MP: 1/9
  3040 | D:2      | Learned a level 3 spell: Dazzling Spray
  3358 | D:3      | Killed AlphabetPasta's ghost
  3358 | D:3      | Reached skill level 1 in Ice Magic
  3700 | D:3      | Found a glowing silver altar of Zin.
  3824 | D:4      | Found a staircase to the Ecumenical Temple.
  3850 | Temple   | Entered the Ecumenical Temple
  3903 | Temple   | Became a worshipper of Ashenzari the Shackled
  3953 | D:4      | Reached skill level 4 in Hexes
  3953 | D:4      | Reached XP level 6. HP: 26/41 MP: 10/10
  4010 | D:4      | Found a sand-covered staircase.
  4089 | Ossuary  | Entered an ossuary
  4758 | D:4      | Noticed Blork the orc
  4836 | D:4      | Killed Blork the orc
  4836 | D:4      | Reached XP level 7. HP: 46/46 MP: 8/12
  4872 | D:4      | Found a deep blue altar of Sif Muna.
  4983 | D:4      | Found Toila's Magic Scroll Shop.
  4987 | D:4      | Bought a scroll of teleportation for 30 gold pieces
  4987 | D:4      | Bought a scroll of fear for 35 gold pieces
  5479 | D:5      | Entered Level 5 of the Dungeon
  5548 | D:5      | Found a glowing drain.
  5553 | Sewer    | Entered a sewer
  6334 | Sewer    | Reached skill level 5 in Hexes
  6730 | D:5      | Noticed Duvessa
  6738 | D:5      | Noticed Dowan
  6754 | D:5      | Killed Duvessa
  6754 | D:5      | Reached XP level 8. HP: 21/52 MP: 9/14
  6942 | D:5      | Killed Dowan
  7366 | D:5      | Found a snail-covered altar of Cheibriados.
  7546 | D:5      | Found a sacrificial altar of Ru.
  7761 | D:6      | Reached skill level 6 in Hexes
  7880 | D:6      | Found a basalt altar of Yredelemnul.
  7881 | D:6      | Noticed an oklob plant
  8217 | D:6      | Killed an oklob plant
  8406 | D:6      | Found a glowing golden altar of the Shining One.
  8419 | D:6      | Reached XP level 9. HP: 52/57 MP: 14/16
  8424 | D:6      | Reached * piety under Ashenzari
  8711 | D:6      | Reached skill level 5 in Stealth
  8765 | D:6      | Reached skill level 7 in Hexes
  9103 | D:6      | Reached skill level 5 in Spellcasting
  9899 | D:7      | Noticed Pikel
  9916 | D:7      | Killed Pikel
 10268 | D:7      | Reached skill level 5 in Dodging
 10422 | D:8      | Reached skill level 8 in Hexes
 11214 | D:7      | Reached XP level 10. HP: 32/63 MP: 15/18
 11378 | D:8      | Found Biboom's Food Emporium.
 11499 | D:8      | Reached skill level 5 in Short Blades
 11524 | D:8      | Noticed Kaishin's ghost (novice DEFE)
 11596 | D:8      | Killed Kaishin's ghost
 11635 | D:8      | Found a blossoming altar of Fedhas.
 12880 | D:9      | Noticed a cyclops
 12904 | D:9      | Mangled by a cyclops

Skill      XL: |  1  2  3  4  5  6  7  8  9 10 |
---------------+-------------------------------+-----
Short Blades   | 1 2 3 4 5 |  5.3
Hexes          | 3 4 5 6 8 |  8.6
Dodging        | 2 3 4 5 |  5.4
Stealth        | 3 4 5 6 |  6.1
Spellcasting   | 3 4 5 6 |  6.1
Ice Magic      | 1 |  1.1

Action                   |  1- 3 |  4- 6 |  7- 9 | 10-12 || total
-------------------------+-------+-------+-------+-------++-------
Melee: Dagger            |    86 |   184 |   264 |   126 ||   660
 Cast: Corona            |     9 |       |     2 |       ||    11
       Ensorcelled Hiber |    35 |    30 |    99 |    25 ||   189
       Confuse           |       |    21 |    46 |    23 ||    90
Invok: Curse Item        |       |       |     1 |       ||     1
Evoke: Wand              |       |       |       |     1 ||     1
  Use: Scroll            |     3 |     6 |     3 |       ||    12
 Stab: Sleeping          |    23 |    20 |    62 |    12 ||   117
       Confused          |       |     3 |    10 |    11 ||    24
       Distracted        |       |     1 |       |       ||     1
Armor: Robe              |    35 |    23 |    19 |     7 ||    84
Dodge: Dodged            |    51 |    52 |   113 |    44 ||   260
Block: Other             |       |    10 |    28 |     7 ||    45
       Reflection        |       |       |     1 |       ||     1
